TOP OF THE 1ST |
Rocky Mount Leafs batting - Pitching for Lynchburg Hillcats : LHP Paul Givens
|
Pitching: LHP Paul Givens
|
|
Batting: SHB Keith Spreckels
|
0-0: Fly out, F8 (Flyball, 78D, EV 91.9 MPH)
|
Batting: RHB James Camacho
|
0-0: Ball 1-0: Called Strike 1-1: Foul Ball, location: 2F 1-2: Strikes out swinging
|
Batting: LHB Oscar Ramirez
|
0-0: Called Strike 0-1: SINGLE (Line Drive, 56, EV 94.4 MPH)
|
Batting: RHB Glen Bockhorn
|
0-0: Ball 1-0: Swinging Strike 1-1: Swinging Strike 1-2: Strikes out looking
|
Top of the 1st over - 0 runs, 1 hit, 0 errors, 1 left on base; Rocky Mount 0 - Lynchburg 0 |
BOTTOM OF THE 1ST |
Lynchburg Hillcats batting - Pitching for Rocky Mount Leafs : RHP Vic Irizarry
|
Pitching: RHP Vic Irizarry
|
|
Batting: RHB Ronald Lee
|
0-0: Foul Ball, location: 2F 0-1: Ball 1-1: Ball 2-1: Fly out, F6 (Popup, 15, EV 78.1 MPH)
|
Batting: RHB Russ Quetti
|
0-0: Ball 1-0: Ball 2-0: Ball 3-0: Called Strike 3-1: Fly out, F9 (Line Drive, 9, EV 105.0 MPH)
|
Batting: RHB William Lajoie
|
0-0: Foul Ball, location: 2F 0-1: Swinging Strike 0-2: Ball 1-2: SINGLE (Groundball, 34D, EV 100.6 MPH)
|
Batting: RHB Richard Witt
|
0-0: Ball William Lajoie is caught stealing 2nd base 2-4
|
Bottom of the 1st over - 0 runs, 1 hit, 0 errors, 0 left on base; Rocky Mount 0 - Lynchburg 0 |
TOP OF THE 2ND |
Rocky Mount Leafs batting - Pitching for Lynchburg Hillcats : LHP Paul Givens
|
Batting: RHB Tom Lawless
|
0-0: Called Strike 0-1: Ball 1-1: Fly out, F6 (Popup, 6MD, EV 50.6 MPH)
|
Batting: RHB Sergio Loya
|
0-0: Swinging Strike 0-1: SINGLE (Flyball, 78S, EV 85.0 MPH)
|
Batting: LHB Chris D Jones
|
0-0: Ball Wild Pitch! Sergio Loya to second 1-0: Foul Ball, location: 2F 1-1: Fly out, F5 (Popup, 15, EV 90.0 MPH)
|
Batting: RHB Blane McDonald
|
0-0: Ball 1-0: Called Strike 1-1: Ball 2-1: Ball 3-1: Base on Balls
|
Batting: RHB Todd Cruz
|
0-0: Ball 1-0: Ball 2-0: Swinging Strike 2-1: Foul Ball, location: 2F 2-2: Ball 3-2: Strikes out looking
|
Top of the 2nd over - 0 runs, 1 hit, 0 errors, 2 left on base; Rocky Mount 0 - Lynchburg 0 |
BOTTOM OF THE 2ND |
Lynchburg Hillcats batting - Pitching for Rocky Mount Leafs : RHP Vic Irizarry
|
Batting: RHB Richard Witt
|
0-0: Ball 1-0: Ball 2-0: Foul Ball, location: 2F 2-1: Swinging Strike 2-2: Foul Ball, location: 2F 2-2: Ball 3-2: Foul Ball, location: 2F 3-2: Fly out, F8 (Flyball, 8RM, EV 88.8 MPH)
|
Batting: RHB Kenneth Tillman
|
0-0: Ball 1-0: Swinging Strike 1-1: Swinging Strike 1-2: Foul Ball, location: 2F 1-2: Strikes out swinging
|
Batting: LHB Harold Warner
|
0-0: Ground out 4-3 (Groundball, 4D, EV 108.1 MPH)
|
Bottom of the 2nd over - 0 runs, 0 hits, 0 errors, 0 left on base; Rocky Mount 0 - Lynchburg 0 |
TOP OF THE 3RD |
Rocky Mount Leafs batting - Pitching for Lynchburg Hillcats : LHP Paul Givens
|
Batting: SHB Keith Spreckels
|
0-0: DOUBLE (Line Drive, 3D, EV 98.1 MPH)
|
Batting: RHB James Camacho
|
0-0: Foul Ball, location: 2F 0-1: Ball 1-1: Ball 2-1: Foul Ball, location: 2F 2-2: Ball 3-2: Foul Ball, location: 2F 3-2: Foul Ball, location: 2F 3-2: SINGLE (Line Drive, 7S, EV 100.6 MPH) Keith Spreckels to third
|
Batting: LHB Oscar Ramirez
|
0-0: Fly out, F6 (Line Drive, 6, EV 69.4 MPH)
|
Batting: RHB Glen Bockhorn
|
0-0: Foul Ball, location: 2F 0-1: Ball 1-1: Ball 2-1: Ball 3-1: Base on Balls James Camacho to second
|
Batting: RHB Tom Lawless
|
0-0: Called Strike 0-1: Ball 1-1: Ball 2-1: Foul Ball, location: 2F 2-2: Strikes out swinging
|
Batting: RHB Sergio Loya
|
0-0: Ball 1-0: Ball 2-0: Ball 3-0: Called Strike 3-1: Base on Balls Keith Spreckels scores James Camacho to third Glen Bockhorn to second
|
Batting: LHB Chris D Jones
|
0-0: Called Strike 0-1: Swinging Strike 0-2: Ball 1-2: Fielders Choice at 2nd, U6 (Groundball, 6M, EV 88.1 MPH)
|
Top of the 3rd over - 1 run, 2 hits, 0 errors, 3 left on base; Rocky Mount 1 - Lynchburg 0 |
BOTTOM OF THE 3RD |
Lynchburg Hillcats batting - Pitching for Rocky Mount Leafs : RHP Vic Irizarry
|
Batting: RHB Frederic Wade
|
0-0: SINGLE (Flyball, 9LS, EV 89.4 MPH)
|
Batting: LHB Eb MacDonald
|
0-0: Ground out 6-3 (Groundball, 56, EV 108.8 MPH) Frederic Wade to second
|
Batting: RHB Felix Estrada
|
0-0: Fly out, F9 (Flyball, 9, EV 90.0 MPH)
|
Batting: RHB Ronald Lee
|
0-0: Foul Ball, location: 2F 0-1: Fly out, F4 (Popup, 4S, EV 85.0 MPH)
|
Bottom of the 3rd over - 0 runs, 1 hit, 0 errors, 1 left on base; Rocky Mount 1 - Lynchburg 0 |
TOP OF THE 4TH |
Rocky Mount Leafs batting - Pitching for Lynchburg Hillcats : LHP Paul Givens
|
Batting: RHB Blane McDonald
|
0-0: Ground out 6-3 (Groundball, 6, EV 103.8 MPH)
|
Batting: RHB Todd Cruz
|
0-0: Swinging Strike 0-1: Ball 1-1: Foul Ball, location: 2F 1-2: Ball 2-2: Strikes out looking
|
Batting: SHB Keith Spreckels
|
0-0: Called Strike 0-1: Ball 1-1: Ball 2-1: Ball 3-1: Base on Balls
|
Batting: RHB James Camacho
|
0-0: Foul Ball, location: 2F 0-1: Fly out, F9 (Flyball, 9S, EV 86.9 MPH)
|
Top of the 4th over - 0 runs, 0 hits, 0 errors, 1 left on base; Rocky Mount 1 - Lynchburg 0 |
BOTTOM OF THE 4TH |
Lynchburg Hillcats batting - Pitching for Rocky Mount Leafs : RHP Vic Irizarry
|
Batting: RHB Russ Quetti
|
0-0: Ball 1-0: Ground out 5-3 (Groundball, 5, EV 78.8 MPH)
|
Batting: RHB William Lajoie
|
0-0: Ball 1-0: Ball 2-0: Called Strike 2-1: Ground out 6-3 (Groundball, 6M, EV 91.9 MPH)
|
Batting: RHB Richard Witt
|
0-0: Ball 1-0: SINGLE (Line Drive, 34D, EV 94.4 MPH)
|
Batting: RHB Kenneth Tillman
|
0-0: Ball 1-0: Ball 2-0: Called Strike 2-1: Foul Ball, location: 2F 2-2: Foul Ball, location: 2F 2-2: Ball 3-2: Ground out 6-3 (Groundball, 6, EV 91.9 MPH)
|
Bottom of the 4th over - 0 runs, 1 hit, 0 errors, 1 left on base; Rocky Mount 1 - Lynchburg 0 |
TOP OF THE 5TH |
Rocky Mount Leafs batting - Pitching for Lynchburg Hillcats : LHP Paul Givens
|
Batting: LHB Oscar Ramirez
|
0-0: Swinging Strike 0-1: Ball 1-1: Foul Ball, location: 2F 1-2: Ball 2-2: Fly out, F4 (Flyball, 34D, EV 76.9 MPH)
|
Batting: RHB Glen Bockhorn
|
0-0: Ball 1-0: Fly out, F7 (Flyball, 7LM, EV 95.6 MPH)
|
Batting: RHB Tom Lawless
|
0-0: Called Strike 0-1: Foul Ball, location: 2F 0-2: Ball 1-2: Strikes out swinging
|
Top of the 5th over - 0 runs, 0 hits, 0 errors, 0 left on base; Rocky Mount 1 - Lynchburg 0 |
BOTTOM OF THE 5TH |
Lynchburg Hillcats batting - Pitching for Rocky Mount Leafs : RHP Vic Irizarry
|
Batting: LHB Harold Warner
|
0-0: Ball 1-0: Ground out U3 (Groundball, 34, EV 106.3 MPH)
|
Batting: RHB Frederic Wade
|
0-0: Called Strike 0-1: Foul Ball, location: 2F 0-2: Foul Ball, location: 2F 0-2: Strikes out swinging
|
Batting: LHB Eb MacDonald
|
0-0: Called Strike 0-1: Called Strike 0-2: Ball 1-2: Foul Ball, location: 2F 1-2: Ball 2-2: Ball 3-2: Strikes out swinging
|
Bottom of the 5th over - 0 runs, 0 hits, 0 errors, 0 left on base; Rocky Mount 1 - Lynchburg 0 |
TOP OF THE 6TH |
Rocky Mount Leafs batting - Pitching for Lynchburg Hillcats : LHP Paul Givens
|
Batting: RHB Sergio Loya
|
0-0: Ball 1-0: Ball 2-0: Called Strike 2-1: Foul Ball, location: 2F 2-2: Strikes out looking
|
Batting: LHB Chris D Jones
|
0-0: Ball 1-0: Ball 2-0: SINGLE (Line Drive, 7LS, EV 90.0 MPH)
|
Batting: RHB Blane McDonald
|
0-0: Ball 1-0: Called Strike 1-1: Called Strike 1-2: Ball 2-2: Fly out, F9 (Line Drive, 9D, EV 85.6 MPH)
|
Batting: RHB Todd Cruz
|
0-0: Ball 1-0: Ground out 4-3 (Groundball, 34, EV 82.5 MPH)
|
Top of the 6th over - 0 runs, 1 hit, 0 errors, 1 left on base; Rocky Mount 1 - Lynchburg 0 |
BOTTOM OF THE 6TH |
Lynchburg Hillcats batting - Pitching for Rocky Mount Leafs : RHP Vic Irizarry
|
Batting: RHB Felix Estrada
|
0-0: Ball 1-0: Ball 2-0: Called Strike 2-1: DOUBLE (Line Drive, 9LM, EV 95.6 MPH)
|
Batting: RHB Ronald Lee
|
0-0: Sac Bunt to 3S - play at first, batter OUT! 3-4 Felix Estrada to third
|
Batting: RHB Russ Quetti
|
0-0: Called Strike 0-1: Reached on error, E6 (Groundball, 6S, EV 85.0 MPH) Felix Estrada scores
|
Batting: RHB William Lajoie
|
0-0: Foul Ball, location: 2F 0-1: Foul Ball, location: 2F 0-2: Strikes out swinging
|
Batting: RHB Richard Witt
|
0-0: Called Strike 0-1: DOUBLE (Line Drive, 9LM, EV 91.9 MPH) Russ Quetti to third Runner from 3rd tries for Home, SAFE, throw by RF to home
|
Batting: RHB Kenneth Tillman
|
0-0: Called Strike 0-1: Foul Ball, location: 2F 0-2: Ball 1-2: Strikes out swinging
|
Bottom of the 6th over - 2 runs, 2 hits, 1 error, 1 left on base; Rocky Mount 1 - Lynchburg 2 |
TOP OF THE 7TH |
Rocky Mount Leafs batting - Pitching for Lynchburg Hillcats : LHP Paul Givens
|
Batting: SHB Keith Spreckels
|
0-0: Ball 1-0: Called Strike 1-1: Foul Ball, location: 2F 1-2: Ball 2-2: Foul Ball, location: 2F 2-2: Ball 3-2: Base on Balls
|
Batting: RHB James Camacho
|
0-0: Bunted foul 0-1: Ball 1-1: Sac Bunt to 13 - play at first, batter OUT! 1-4 Keith Spreckels to second
|
Batting: LHB Oscar Ramirez
|
0-0: Ball 1-0: Foul Ball, location: 2F 1-1: Ball 2-1: Called Strike 2-2: Ball 3-2: Foul Ball, location: 2F 3-2: SINGLE (Groundball, 3D, EV 94.4 MPH) Keith Spreckels to third Runner from 3rd tries for Home, SAFE, throw by RF to home
|
Batting: RHB Glen Bockhorn
|
0-0: Ball 1-0: Ball 2-0: Fly out, F7 (Line Drive, 7, EV 96.3 MPH)
|
Batting: RHB Tom Lawless
|
0-0: Called Strike 0-1: Ball 1-1: Ball 2-1: Called Strike 2-2: Strikes out swinging
|
Top of the 7th over - 1 run, 1 hit, 0 errors, 1 left on base; Rocky Mount 2 - Lynchburg 2 |
BOTTOM OF THE 7TH |
Lynchburg Hillcats batting - Pitching for Rocky Mount Leafs : RHP Vic Irizarry
|
Batting: LHB Harold Warner
|
0-0: Called Strike 0-1: Ball 1-1: Called Strike 1-2: Foul Ball, location: 2F 1-2: Foul Ball, location: 2F 1-2: Fly out, F7 (Flyball, 7LD, EV 99.4 MPH)
|
Batting: RHB Frederic Wade
|
0-0: Called Strike 0-1: Foul Ball, location: 2F 0-2: Ball 1-2: Foul Ball, location: 2F 1-2: Ball 2-2: SINGLE (Flyball, 8LS, EV 100.0 MPH)
|
Batting: LHB Eb MacDonald
|
0-0: Ball 1-0: Ball 2-0: Fly out, F7 (Flyball, 7LM, EV 101.9 MPH)
|
Batting: RHB Felix Estrada
|
0-0: Fielders Choice at 2nd, 6-4 (Groundball, 6, EV 79.4 MPH)
|
Bottom of the 7th over - 0 runs, 1 hit, 0 errors, 1 left on base; Rocky Mount 2 - Lynchburg 2 |
TOP OF THE 8TH |
Rocky Mount Leafs batting - Pitching for Lynchburg Hillcats : LHP Paul Givens
|
Pitching: RHP Kevin Richards
|
|
Batting: RHB Sergio Loya
|
0-0: Called Strike 0-1: Foul Ball, location: 2F 0-2: Ball 1-2: Foul Ball, location: 2F 1-2: Ball 2-2: Strikes out looking
|
Batting: LHB Chris D Jones
|
0-0: Ball 1-0: Foul Ball, location: 2F 1-1: Ball 2-1: Foul Ball, location: 2F 2-2: Fly out, F6 (Line Drive, 6, EV 67.5 MPH)
|
Batting: RHB Blane McDonald
|
0-0: Called Strike 0-1: Ball 1-1: Ground out U3 (Groundball, 3L, EV 81.9 MPH)
|
Top of the 8th over - 0 runs, 0 hits, 0 errors, 0 left on base; Rocky Mount 2 - Lynchburg 2 |
BOTTOM OF THE 8TH |
Lynchburg Hillcats batting - Pitching for Rocky Mount Leafs : RHP Vic Irizarry
|
Batting: RHB Ronald Lee
|
0-0: Swinging Strike 0-1: Ball 1-1: Foul Ball, location: 2F 1-2: Strikes out swinging
|
Batting: RHB Russ Quetti
|
0-0: Ball 1-0: Ball 2-0: SINGLE (Line Drive, 5D, EV 100.6 MPH)
|
Batting: RHB William Lajoie
|
0-0: Swinging Strike 0-1: Called Strike 0-2: Ball 1-2: Foul Ball, location: 2F 1-2: Ball 2-2: Strikes out swinging
|
Batting: RHB Richard Witt
|
0-0: Ball 1-0: Ball 2-0: Called Strike 2-1: Ball 3-1: Swinging Strike 3-2: Strikes out swinging
|
Bottom of the 8th over - 0 runs, 1 hit, 0 errors, 1 left on base; Rocky Mount 2 - Lynchburg 2 |
TOP OF THE 9TH |
Rocky Mount Leafs batting - Pitching for Lynchburg Hillcats : RHP Kevin Richards
|
Pitching: RHP Paul Steets
|
|
Pinch Hitting: RHB Kevin McGann
|
0-0: Ball 1-0: Foul Ball, location: 2F 1-1: SINGLE (Line Drive, 6M, EV 95.6 MPH)
|
Batting: SHB Keith Spreckels
|
0-0: Ball 1-0: Called Strike 1-1: Swinging Strike 1-2: Strikes out swinging
|
Batting: RHB James Camacho
|
0-0: Ball 1-0: Ball 2-0: Ball 3-0: Base on Balls Kevin McGann to second
|
Batting: LHB Oscar Ramirez
|
0-0: Called Strike 0-1: Ball 1-1: Ball 2-1: Ball 3-1: Foul Ball, location: 2F 3-2: Base on Balls Kevin McGann to third James Camacho to second
|
Batting: RHB Glen Bockhorn
|
0-0: GRAND SLAM HOME RUN (Flyball, 7LD, EV 95.6 MPH), Distance : 370 ft
|
Pitching: LHP Dennis Zimmerman
|
|
Batting: RHB Tom Lawless
|
0-0: Ball 1-0: Called Strike 1-1: Swinging Strike 1-2: Ball 2-2: Foul Ball, location: 2F 2-2: Ball 3-2: Base on Balls
|
Batting: RHB Sergio Loya
|
0-0: Ball 1-0: Ball 2-0: 2-RUN HOME RUN (Flyball, 78XD, EV 110.6 MPH), Distance : 445 ft
|
Batting: LHB Chris D Jones
|
0-0: Called Strike 0-1: Ground out 6-3 (Groundball, 6, EV 86.3 MPH)
|
Batting: RHB Blane McDonald
|
0-0: Ball 1-0: Ball 2-0: Called Strike 2-1: SINGLE (Groundball, 4M, EV 106.9 MPH) (infield hit)
|
Batting: RHB Kevin McGann
|
0-0: Called Strike 0-1: Foul Ball, location: 2F 0-2: Fly out, F9 (Flyball, 89D, EV 105.6 MPH)
|
Top of the 9th over - 6 runs, 4 hits, 0 errors, 1 left on base; Rocky Mount 8 - Lynchburg 2 |
BOTTOM OF THE 9TH |
Lynchburg Hillcats batting - Pitching for Rocky Mount Leafs : RHP Vic Irizarry
|
Now at 3B: Kevin McGann
|
|
Batting: RHB Kenneth Tillman
|
0-0: Foul Ball, location: 2F 0-1: Foul Ball, location: 2F 0-2: Ground out 4-3 (Groundball, 4, EV 89.4 MPH)
|
Batting: LHB Harold Warner
|
0-0: SINGLE (Groundball, 4D, EV 102.5 MPH)
|
Batting: RHB Frederic Wade
|
0-0: Ball 1-0: Grounds into double play, 5-4-3 (Groundball, 56, EV 83.8 MPH)
|
Bottom of the 9th over - 0 runs, 1 hit, 0 errors, 0 left on base; Rocky Mount 8 - Lynchburg 2 |
|